 Dungeon Crawl Stone Soup version 0.31-a0-259-g771a54ca4b (webtiles) character file.

Game seed: 8229604301680158895

506 qw the Shooter (level 6, -2/56 HPs)
             Began as a Minotaur Hexslinger on July 13, 2023.
             Slain by an orc
             ... wielding a +0 trident
              (4 damage)
             ... on level 4 of the Dungeon.
             The game lasted 00:01:27 (3364 turns).

qw the Shooter (Minotaur Hexslinger)                Turns: 3364, Time: 00:01:28

Health: -2/56      AC:  6    Str: 12    XL:     6   Next: 97%
Magic:  6/6        EV: 11    Int: 10    God:
Gold:   122        SH:  0    Dex: 15    Spells: 6/7 levels left

rFire   . . .        Y - +1 sling
rCold   . . .        (no shield)
rNeg    . . .        f - +0 ring mail
rPois   .            (helmet restricted)
rElec   .            (no cloak)
rCorr   .            (no gloves)
SInv    .            g - +0 pair of boots
Will    .....        (no amulet)
Stlth   +            (no ring)
HPRegen 0.29/turn    (no ring)
MPRegen 0.10/turn

%: no passive effects
@: no status effects
A: horns 2, retaliatory headbutt
a: no special abilities


You were on level 4 of the Dungeon.
You visited 1 branch of the dungeon, and saw 4 of its levels.

You collected 122 gold pieces.


Innate Abilities, Weirdness & Mutations

You have a pair of horns on your head.
You reflexively headbutt those who attack you in melee.


   Skills:
 - Level 5.5 Fighting
 + Level 6.2 Ranged Weapons
 - Level 2.0 Armour
 - Level 2.1 Dodging
 - Level 1.0 Spellcasting
 - Level 2.0 Hexes


You had 6 spell levels left.
You knew the following spells:

 Your Spells              Type           Power      Damage    Failure   Level
a - Slow                  Hex            16%        N/A       32%         1

Your spell library contained the following spells:

 Spells                   Type           Power      Damage    Failure   Level
 Inner Flame              Hex/Fire       2%         N/A       83%         3
 Portal Projectile        Hex/Tloc       4%         N/A       83%         3
 Cause Fear               Hex            2%         N/A       97%         4

Inventory:

Hand Weapons
 Y - a +1 sling (weapon)
Armour
 f - a +0 ring mail (worn)
 g - a +0 pair of boots (worn)
Jewellery
 e - a ring of ice
Scrolls
 a - 2 scrolls of identify
Potions
 d - a potion of lignification {unknown}
 i - a potion of resistance
 j - a potion of might
 k - a potion of mutation

Dungeon Overview and Level Annotations

Branches:
Dungeon (4/15)
 Temple: D:4-7

Altars:

Annotations:
D:3 1 runed translucent door, Crazy Yiuf


Message History

You shoot a sling bullet. The sling bullet barely misses the orc.
The orc closely misses you. The orc hits you but does no damage.
You shoot a sling bullet. The sling bullet barely misses the orc.
The orc hits you from afar with a +0 trident.
The orc hits you but does no damage.
You shoot a sling bullet.
The sling bullet hits the orc but does no damage.
The orc closely misses you. The orc misses you. You furiously retaliate!
You headbutt the orc, but do no damage. The orc hits you but does no damage.
You shoot a sling bullet. The sling bullet hits the orc.
The orc is lightly wounded.
You hear a shout!
The orc misses you.
A hobgoblin comes into view.
The orc hits you from afar with a +0 trident.
The orc hits you but does no damage.
You shoot a sling bullet. The sling bullet hits the orc!
You kill the orc!
The orc barely misses you.
You shoot a sling bullet.
The sling bullet hits the orc but does no damage.
The orc hits you but does no damage.
You shoot a sling bullet.
The sling bullet hits the orc but does no damage.
The orc hits you from afar with a +0 trident.
The hobgoblin misses you.
You shoot a sling bullet.
The sling bullet barely misses the hobgoblin.
The orc hits you from afar with a +0 trident.
The hobgoblin closely misses you. You furiously retaliate!
You headbutt the hobgoblin.
The orc hits you from afar with a +0 trident.
You shoot a sling bullet. The sling bullet hits the hobgoblin.
The hobgoblin is severely wounded.
The hobgoblin hits you. The orc hits you but does no damage.
You shoot a sling bullet.
The sling bullet barely misses the hobgoblin.
The hobgoblin hits you but does no damage.
The orc hits you from afar with a +0 trident.
You die...

#.# ##~P.###..#
###.# ##.PPP~##.##
#...####~P~.~P~..#
.....#.P~~~~7P~PP#
#..)...)~P77777~P##
#..###.P~77 7~~P.#
#..# ##)PP7 77~~..#
..## #P~~~~7P~~..#
..# #~..~~~~~@##
..# #..P..~)g# .##
###.##.#.o .#
#..###... ## # # .#
##..7 # #.. #~~
##.... ~~~ .......
.~.. .......


You could see an orc and a hobgoblin.

Vanquished Creatures
  Grinder (D:2)
  A phantom (D:4)
  Terence (D:2)
  An orc wizard (D:4)
  4 gnolls (D:2)
  6 adders
  An ufetubus (D:4)
  3 dart slugs
  6 orcs
  5 ball pythons
  5 bats
  6 endoplasms
  A giant cockroach (D:4)
  5 goblins
  4 hobgoblins
  10 jackals
  4 kobolds
  3 quokkas
  3 frilled lizards
  4 rats
74 creatures vanquished.

Notes
Turn   | Place    | Note
-------+----------+-------------------------------------------
     0 | D:1      | qw the Minotaur Hexslinger began the quest for the Orb.
     0 | D:1      | Reached XP level 1. HP: 16/16 MP: 1/1
     0 | D:1      | 0 ||| qw: Version: 0.3-a-52-g30416fa
     0 | D:1      | 0 ||| qw: Game counter: 6947
     0 | D:1      | 0 ||| qw: Melee chars always use a shield: true
     0 | D:1      | 0 ||| qw: God list: Okawaru
     0 | D:1      | 0 ||| qw: Allow faded altars: false
     0 | D:1      | 0 ||| qw: Do Orc after clearing Dungeon:15 true
     0 | D:1      | 0 ||| qw: Do second Lair branch before Depths: true
     0 | D:1      | 0 ||| qw: Lair rune preference: random
     0 | D:1      | 0 ||| qw: Goals: Normal
     0 | D:1      | 0 ||| PLANNING D:1-11
    55 | D:1      | Reached skill level 3 in Ranged Weapons
    55 | D:1      | Reached XP level 2. HP: 23/23 MP: 2/2
   423 | D:1      | Reached XP level 3. HP: 28/29 MP: 3/3
   645 | D:1      | 645 ||| UPGRADING to +0 ring mail.
   655 | D:1      | 655 ||| DROPPING +0 robe.
   656 | D:1      | 656 ||| UPGRADING to +0 pair of boots.
   661 | D:1      | 661 ||| READING 5 scrolls labelled HURCHA QUGAPHU.
   662 | D:1      | 662 ||| READING scroll labelled FULO IDOLUCHU LIR.
   663 | D:1      | 663 ||| READING scroll labelled XAAS PYETISCHIUXA.
   667 | D:1      | 667 ||| READING 4 scrolls of identify.
   667 | D:1      | 667 ||| IDENTIFYING fizzy silvery potion
   668 | D:1      | 668 ||| READING 3 scrolls of identify.
   668 | D:1      | 668 ||| IDENTIFYING fizzy purple potion
   669 | D:1      | 669 ||| DROPPING scroll of poison.
   880 | D:2      | Reached skill level 4 in Ranged Weapons
   896 | D:2      | Noticed Terence
   903 | D:2      | Killed Terence
   904 | D:2      | Reached XP level 4. HP: 31/36 MP: 4/4
  1254 | D:2      | 1254 ||| FLEEEEING.
  1255 | D:2      | 1255 ||| FLEEEEING.
  1256 | D:2      | 1256 ||| FLEEEEING.
  1257 | D:2      | 1257 ||| FLEEEEING.
  1258 | D:2      | 1258 ||| FLEEEEING.
  1259 | D:2      | 1259 ||| FLEEEEING.
  1260 | D:2      | 1260 ||| FLEEEEING.
  1265 | D:2      | 1265 ||| FLEEEEING.
  1266 | D:2      | 1266 ||| FLEEEEING.
  1267 | D:2      | 1267 ||| FLEEEEING.
  1268 | D:2      | 1268 ||| FLEEEEING.
  1272 | D:2      | 1272 ||| FLEEEEING.
  1273 | D:2      | 1273 ||| FLEEEEING.
  1278 | D:2      | 1278 ||| STAIRDANCE
  1345 | D:1      | 1345 ||| READING 2 scrolls of identify.
  1345 | D:1      | 1345 ||| IDENTIFYING grey potion
  1353 | D:2      | 1353 ||| STAIRDANCE
  1377 | D:2      | 1377 ||| STAIRDANCE
  1690 | D:2      | Reached skill level 5 in Ranged Weapons
  1855 | D:2      | 1855 ||| READING scroll labelled LOQ DARAPHA.
  1883 | D:3      | Reached XP level 5. HP: 41/41 MP: 5/5
  1935 | D:3      | Noticed Grinder
  1942 | D:3      | 1942 ||| FLEEEEING.
  1943 | D:3      | 1943 ||| FLEEEEING.
  1944 | D:3      | 1944 ||| FLEEEEING.
  1945 | D:3      | 1945 ||| FLEEEEING.
  1946 | D:3      | 1946 ||| FLEEEEING.
  1947 | D:3      | 1947 ||| FLEEEEING.
  1956 | D:3      | 1956 ||| FLEEEEING.
  1957 | D:3      | 1957 ||| FLEEEEING.
  1958 | D:3      | 1958 ||| FLEEEEING.
  1959 | D:3      | 1959 ||| FLEEEEING.
  1960 | D:3      | 1960 ||| FLEEEEING.
  1961 | D:3      | 1961 ||| FLEEEEING.
  1962 | D:3      | 1962 ||| FLEEEEING.
  1963 | D:3      | 1963 ||| FLEEEEING.
  1964 | D:3      | 1964 ||| FLEEEEING.
  1965 | D:3      | 1965 ||| FLEEEEING.
  1966 | D:3      | 1966 ||| FLEEEEING.
  1967 | D:3      | 1967 ||| FLEEEEING.
  1968 | D:3      | 1968 ||| FLEEEEING.
  1969 | D:3      | 1969 ||| FLEEEEING.
  1970 | D:3      | 1970 ||| STAIRDANCE
  2017 | D:3      | Paralysed by Grinder for 2 turns
  2028 | D:3      | 2028 ||| STAIRDANCE
  2033 | D:2      | Killed Grinder
  2034 | D:2      | Reached XP level 6. HP: 30/56 MP: 6/6
  2657 | D:3      | Found a runed translucent door.
  2658 | D:3      | Noticed Crazy Yiuf
  2927 | D:3      | 2927 ||| DROPPING amulet of magic regeneration.
  2928 | D:3      | 2928 ||| DRINKING 2 fizzy clear potions.
  2929 | D:3      | 2929 ||| READING 2 scrolls of identify.
  2929 | D:3      | 2929 ||| IDENTIFYING cyan potion
  2930 | D:3      | 2930 ||| DROPPING potion of brilliance.
  3117 | D:4      | 3117 ||| DRINKING potion of curing.
  3117 | D:4      | 3117 ||| (to cure confusion)
  3146 | D:4      | 3146 ||| FLEEEEING.
  3194 | D:4      | Reached skill level 6 in Ranged Weapons
  3337 | D:4      | 3337 ||| Stepping ~*~*~tactically~*~*~ (water).
  3353 | D:4      | HP: 14/56 [orc/+0 trident (5)]
  3358 | D:4      | HP: 10/56 [orc/+0 trident (4)]
  3363 | D:4      | HP: 2/56 [hobgoblin (3)]
  3364 | D:4      | Slain by an orc

Levels and vault maps discovered:
D:1:      dpeg_arrival_shelter, layout_loops_ring
D:2:      layout_basic, uniq_terence
D:3:      layout_basic, minmay_bisected, uniq_crazy_yiuf_cottage, uniq_grinder
D:4:      wander_river, layout_cave_pods, serial_bayou, serial_bayou_pond_c,
          serial_bayou_shore_a, serial_bayou_crossing, serial_bayou_lagoon_a,
          serial_bayou_ford_a, serial_bayou_pond_e, supply_closet_lemuel

Skill      XL: |  1  2  3  4  5  6 |
---------------+-------------------+-----
Ranged Weapons | 3 4 5 6 |  6.2
Fighting       | 2 5 |  5.5
Armour         | 2 |  2.0
Dodging        | |  2.1
Spellcasting   | |  1.0
Hexes          | |  2.0

Action                     |  1- 3 |  4- 6 || total
---------------------------+-------+-------++-------
   Fire: Sling             |    96 |   240 ||   336
    Use: Scroll            |     5 |     3 ||     8
         Potion            |       |     2 ||     2
 Armour: Robe              |     7 |       ||     7
         Ring mail         |    13 |    70 ||    83
  Dodge: Dodged            |    47 |   108 ||   155

Table legend:
 A = Non-vault XP
 B = Vault XP
 C = Vault XP percentage of total XP
 D = Non-vault monster count
 E = Vault monster count
 F = Vault count percentage of total count
                 A         B        C        D         E       F
            +---------+---------+-------+---------+---------+-------
      Total |     393 |     330 |  45.6 |      67 |       7 |   9.5
            +---------+---------+-------+---------+---------+-------
        D:1 |      44 |       0 |   0.0 |      22 |       0 |   0.0
        D:2 |     112 |     322 |  74.2 |      21 |       2 |   8.7
        D:3 |      66 |       8 |  10.8 |      12 |       5 |  29.4
        D:4 |     171 |       0 |   0.0 |      12 |       0 |   0.0
            +---------+---------+-------+---------+---------+-------
